 Dungeon Crawl Stone Soup version 0.26-a0-663-g36e8fdb655 (webtiles) character file.

Game seed: 28711111368977830

20 somkeydreadnuts the Insei (level 2, -2/24 HPs)
             Began as a Deep Dwarf Transmuter on Oct 12, 2020.
             Slain by a gnoll
             ... wielding a +0 whip
              (5 damage)
             ... on level 2 of the Dungeon.
             The game lasted 00:02:09 (634 turns).

somkeydreadnuts the Insei (Deep Dwarf Transmuter)    Turns: 634, Time: 00:02:09

Health: -2/24      AC:  2    Str: 13    XL:     2   Next: 58%
Magic:  4/4        EV: 16    Int: 13    God:
Gold:   29         SH:  0    Dex: 13    Spells: 3/4 levels left

rFire    . . .     SeeInvis .   f - +0 hand axe
rCold    . . .     Faith    .   (no shield)
rNeg     . . .     Spirit   .   a - +0 robe
rPois    .         Reflect  .   (no helmet)
rElec    .         Harm     .   (no cloak)
rCorr    .         Rampage  .   (no gloves)
MR       .....                  (no boots)
Stlth    +.........             (no amulet)
HPRegen  0.00/turn              j - +4 ring of evasion
MPRegen  0.09/turn              (no ring)

@: lethally poisoned (-2 -> -2), non-regenerating, drained
A: damage resistance, heal wounds, sense surroundings 1, no regeneration
a: Heal Wounds


You were on level 2 of the Dungeon.
You visited 1 branch of the dungeon, and saw 2 of its levels.

You collected 29 gold pieces.

Inventory:

Hand Weapons
 f - a +0 hand axe (weapon)
Armour
 a - a +0 robe (worn)
Jewellery
 j - a +4 ring of evasion (left hand)
Scrolls
 c - a scroll of enchant weapon {unknown}
 e - a scroll of fog {unknown}
 g - a scroll of enchant armour {unknown}
 h - a scroll of noise {unknown}
 i - a scroll of remove curse {unknown}
Potions
 b - 2 potions of heal wounds {unknown}
 d - 2 potions of curing {unknown}


   Skills:
 + Level 0.8(0.0) Fighting
 + Level 0.7(0.0) Axes
 + Level 2.4(1.6) Dodging
 + Level 0.1(0.0) Stealth
 + Level 3.1(2.3) Unarmed Combat
 + Level 1.8(1.0) Spellcasting
 + Level 1.9(1.1) Transmutations


You had 3 spell levels left.
You knew the following spells:

 Your Spells              Type           Power        Failure   Level
a - Beastly Appendage     Tmut           #.....       19%         1

Your spell library contained the following spells:

 Spells                   Type           Power        Failure   Level
 Wereblood                Tmut           #.......     26%         2
 Spider Form              Tmut/Pois      #.........   56%         3
 Ice Form                 Ice/Tmut       #.......     92%         4
 Blade Hands              Tmut           #.........   99%         5


Dungeon Overview and Level Annotations

Branches:
Dungeon (2/15)

Altars:


Innate Abilities, Weirdness & Mutations

You are resistant to damage.
You can heal yourself by infusing magical energy.
You passively map a small area around you.
You do not regenerate.


Message History

The kobold barely misses you. x2
You hit the kobold.
You kill the kobold!
The bat barely misses you.
You hit the ball python.
You kill the ball python!
You hit the bat but do no damage. The bat misses you.
You barely miss the gnoll. The gnoll misses you. The bat misses you.
A gnoll comes into view. It is wielding a +0 halberd.
The gnoll closely misses you.
You barely miss the gnoll. You closely miss the bat. The bat misses you.
The gnoll barely misses you.
The gnoll hits you from afar with a +1 spear of venom.
* * * LOW HITPOINT WARNING * * *
You are poisoned.
The gnoll closely misses you.
Things that are here:
a ball python corpse; a kobold corpse You hit the gnoll but do no damage. x2; The gnoll hits you with a +0 whip!
You die...

* * , * * * , ,
#. , ....##### ,
#.....g.# *
##..b###@# *
##...S..#g# ,
##...$.b.gg#
#...$.....b#
#.........g#
#.........(# *
#.........(# *##*
#..........#....
...........g.....
,


You could see 5 gnolls and a bat.

Vanquished Creatures
  A dart slug (D:1)
  2 leopard geckos (D:1)
  A giant cockroach (D:1)
  A goblin (D:1)
  A hobgoblin (D:2)
  2 ball pythons
  2 bats (D:1)
  3 frilled lizards (D:1)
  2 kobolds
  3 rats (D:1)
18 creatures vanquished.

Notes
Turn   | Place    | Note
-------+----------+-------------------------------------------
     0 | D:1      | somkeydreadnuts the Deep Dwarf Transmuter began the quest
                  | for the Orb.
     0 | D:1      | Reached XP level 1. HP: 16/16 MP: 3/3
   354 | D:1      | Reached XP level 2. HP: 12/24 MP: 4/4
   369 | D:1      | Reached skill level 3 in Unarmed Combat
   634 | D:2      | Slain by a gnoll

Illustrated notes

Levels and vault maps discovered:
D:1:      tarquinn_simple_flora_water_d, layout_loops_ring,
          minmay_misc_feat_iff, serial_park_tiny_2
D:2:      layout_rooms, kennysheep_generic_room_3

Skill      XL: |  1  2 |
---------------+-------+-----
Unarmed Combat | 3 |  3.1
Fighting       | |  0.8
Axes           | |  0.7
Dodging        | |  2.4
Stealth        | |  0.1
Spellcasting   | |  1.8
Transmutations | |  1.9

Action                   || total
-------------------------++-------
Melee: Hand axe          ||    42
       Unarmed           ||     3
       Punch             ||     2
 Stab: Sleeping          ||     1
Armor: Robe              ||     9
Dodge: Dodged            ||    38

Table legend: (Time is in decaauts)
 A = Elapsed time spent in this place.
 B = Non-inter-level travel time spent in this place.
 C = Inter-level travel time spent in this place.
 D = Time resting spent in this place.
 E = Time spent auto-exploring this place.
 F = Levels seen in this place.
 G = Mean time per level.
                   A        B        C        D        E       F      G
               +--------+--------+--------+--------+--------+-----+--------+
         Total |    644 |    593 |     51 |      0 |    447 |   2 |  322.0 |
       Dungeon |    644 |    593 |     51 |      0 |    447 |   2 |  322.0 |
               +--------+--------+--------+--------+--------+-----+--------+

Top non-repeatable levels by time:
     D:1: 624 daAuts
     D:2: 20 daAuts
